 Dungeon Crawl Stone Soup version 0.30-a0-242-g7bf8e6d787 (webtiles) character file.

Game seed: 10151581524746182169

106 KennySheep the Changer (level 4, -3/34 HPs)
             Began as a Demigod Transmuter on Oct 12, 2022.
             Slain by a gnoll
             ... wielding a +0 club
              (8 damage)
             ... on level 2 of the Dungeon.
             The game lasted 00:05:30 (1669 turns).

KennySheep the Changer (Demigod Transmuter)         Turns: 1669, Time: 00:05:30

Health: -3/34      AC:  2    Str: 11    XL:     4   Next: 30%
Magic:  8/9        EV: 12    Int: 19    God:
Gold:   31         SH:  0    Dex: 14    Spells: 0/6 levels left

rFire   . . .      SeeInvis .      - Unarmed
rCold   . . .      Faith    .    (no shield)
rNeg    . . .      Spirit   .    a - +0 robe
rPois   .          Reflect  .    (helmet currently unavailable)
rElec   .          Harm     .    (no cloak)
rCorr   .          Rampage  .    (no gloves)
Will    .....                    (boots currently unavailable)
Stlth   +.........               (no amulet)
HPRegen 0.25/turn                (no ring)
MPRegen 0.11/turn                (no ring)

@: appendages (expiring)
A: horns 2, talons 2, high MP 1, forlorn, divine attributes
a: End Transformation


You were on level 2 of the Dungeon.
You had temporarily grown beastly horns and talons.
You visited 1 branch of the dungeon, and saw 3 of its levels.

You collected 91 gold pieces.
You spent 60 gold pieces at shops.

Inventory:

Armour
 a - a +0 robe (worn)
Jewellery
 d - an amulet of guardian spirit
 f - a ring of fire
Scrolls
 c - 3 scrolls of identify
 e - a scroll of magic mapping
 g - a scroll of fog {unknown}
 j - a scroll of noise {unknown}
Potions
 b - a potion of magic {unknown}
 h - a potion of flight
 i - a potion of resistance {unknown}
 k - a potion of attraction {unknown}
 l - a potion of curing


   Skills:
 - Level 0.8 Fighting
 - Level 1.7 Dodging
 - Level 2.6 Unarmed Combat
 + Level 1.8 Spellcasting
 * Level 3.3 Transmutations
 * Level 2.5 Ice Magic


You couldn't memorise any spells.
You knew the following spells:

 Your Spells              Type           Power      Damage    Failure   Level
a - Beastly Appendage     Tmut           28%        N/A       4%          1
b - Wereblood             Tmut           14%        N/A       7%          2
c - Spider Form           Tmut/Pois      8%         N/A       26%         3

Your spell library contained the following spells:

 Spells                   Type           Power      Damage    Failure   Level
 Ice Form                 Ice/Tmut       12%        N/A       45%         4


Dungeon Overview and Level Annotations

Branches:
Dungeon (3/15)

Shops:
D:2 *


Innate Abilities, Weirdness & Mutations

You have temporarily grown beastly horns and talons.
You have an increased reservoir of magic. (+10% MP)
You shall have no god before yourself.
Your divine heritage dramatically boosts your attributes as you level up.


Message History

The endoplasm misses you.
You hit the gnoll but do no damage. The gnoll barely misses you.
The endoplasm freezes you.
You are frozen.
You completely miss the endoplasm. The gnoll closely misses you.
The endoplasm freezes you.
You are frozen.
You hit the endoplasm but do no damage. The gnoll misses you.
The endoplasm freezes you.
You are frozen.
Casting: Beastly Appendage (safe; 4% risk of failure)
Confirm with . or Enter, or press ? or * to list all spells.
You don't know that spell.
Unknown command.
You grow a pair of large bovine horns.
Your feet morph into talons.
The gnoll barely misses you.
The endoplasm hits you but does no damage.
You hit the endoplasm.
The endoplasm is almost dead.
The gnoll misses you. The endoplasm freezes you.
You are frozen.
* * * LOW HITPOINT WARNING * * *
Okay, then.
You hit the endoplasm.
You kill the endoplasm!
The gnoll closely misses you. The gnoll attacks as you move away!
The gnoll closely misses you.
You closely miss the gnoll. Your kick misses the gnoll.
Your headbutt misses the gnoll. The gnoll hits you with a +0 club.
* * * LOW HITPOINT WARNING * * *
You hit the gnoll. Your kick misses the gnoll. Your headbutt misses the gnoll.
The gnoll is moderately wounded.
Your transformation is almost over.
The gnoll hits you with a +0 club.
* * * LOW HITPOINT WARNING * * *
You hit the gnoll. You claw the gnoll.
The gnoll is almost dead.
The gnoll hits you with a +0 club!
You die...

###########
####..∩..).@g########
#.....(..###†.......#
#.##.###.# ########.#
#.##.# #.# #.# #.##.#
#.# ###.### #)##.#
#.# #.....# #.##.#
#.# #.....#
######.##.# #.#
#.....# ..)....##.#
#.# #.....#


You could see a gnoll.

Vanquished Creatures
  A gnoll (D:3)
  5 adders (D:2)
  2 worms (D:2)
  A dart slug (D:2)
  3 ball pythons
  5 endoplasms
  A giant cockroach (D:2)
  5 goblins
  5 hobgoblins
  7 kobolds
  2 quokkas (D:2)
  A bat (D:1)
  3 frilled lizards
  A rat (D:1)
42 creatures vanquished.

Notes
Turn   | Place    | Note
-------+----------+-------------------------------------------
     0 | D:1      | KennySheep the Demigod Transmuter began the quest for the
                  | Orb.
     0 | D:1      | Reached XP level 1. HP: 15/15 MP: 5/5
   138 | D:1      | Reached skill level 2 in Transmutations
   280 | D:1      | Reached skill level 1 in Ice Magic
   348 | D:1      | Reached XP level 2. HP: 22/22 MP: 5/7
   351 | D:1      | Learned a level 2 spell: Wereblood
   738 | D:2      | Found Cajemuv's Assorted Antiques.
   756 | D:2      | Bought a scroll labelled KACEAL VOACS for 30 gold pieces
   756 | D:2      | Bought a scroll labelled ALIURI PUOH for 30 gold pieces
   950 | D:2      | Reached XP level 3. HP: 22/27 MP: 8/8
  1069 | D:2      | Reached skill level 3 in Transmutations
  1496 | D:2      | Reached XP level 4. HP: 27/34 MP: 7/9
  1500 | D:2      | Learned a level 3 spell: Spider Form
  1669 | D:2      | Slain by a gnoll

Illustrated notes

Levels and vault maps discovered:
D:1:      giann_horns, layout_basic, minmay_pentomino_u2
D:2:      layout_loops_ring, serial_shops, shop,
          shapermc_ecumenical_altar_pompeii, minmay_misc_feat_room,
          minmay_small_reverse_x
D:3:      layout_rooms, nicolae_wu_jian_wuxing_cycle, gammafunk_ghost_smash,
          minmay_snake_closets, uniq_grinder

Skill      XL: |  1  2  3 |
---------------+----------+-----
Transmutations | 2 3 |  3.3
Ice Magic      | 1 2 |  2.5
Fighting       | |  0.8
Dodging        | |  1.7
Unarmed Combat | |  2.6
Spellcasting   | |  1.8

Action                   |  1- 3 |  4- 6 || total
-------------------------+-------+-------++-------
Melee: Unarmed           |   117 |    23 ||   140
       Headbutt          |    14 |     1 ||    15
       Kick              |    25 |     4 ||    29
       Punch             |     2 |     1 ||     3
 Cast: Beastly Appendage |    22 |     2 ||    24
  Use: Scroll            |     1 |       ||     1
       Potion            |     4 |       ||     4
 Stab: Sleeping          |     1 |       ||     1
Armor: Robe              |    16 |     2 ||    18
       Skin              |     6 |       ||     6
Dodge: Dodged            |    69 |    19 ||    88

Table legend: (Time is in decaauts)
 A = Elapsed time spent in this place.
 B = Non-inter-level travel time spent in this place.
 C = Inter-level travel time spent in this place.
 D = Time resting spent in this place.
 E = Time spent auto-exploring this place.
 F = Levels seen in this place.
 G = Mean time per level.
                   A        B        C        D        E       F      G
               +--------+--------+--------+--------+--------+-----+--------+
         Total |   1662 |   1603 |     59 |    152 |   1128 |   3 |  554.0 |
       Dungeon |   1662 |   1603 |     59 |    152 |   1128 |   3 |  554.0 |
               +--------+--------+--------+--------+--------+-----+--------+

Top non-repeatable levels by time:
     D:2: 1085 daAuts
     D:1: 562 daAuts
     D:3: 14 daAuts
